Map: New Gettysburg LE

Players

OhrlRokK - Winner!

  • Race: Protoss Protoss
  • League: Diamond

saber

  • Race: Terran Terran
  • League: Diamond

VOD

Have the link to the VOD?

Description

Time

  • Played on: Oct. 14, 2016, 5:15 p.m.
  • Length: 16:16
Show
View Real Time Build Order
Export as new Build Order

OhrlRokK Protoss - Winner!

Build Orders: 1 Gate Expand, Blink Stalkers 

Get SALT Encoding   

  12  0:01  Probe (Chrono Boost)  
  13  0:16  Pylon  
  13  0:18  Probe (Chrono Boost)  
  14  0:31  Probe (Chrono Boost)  
  14  0:34  Gateway  
  15  0:43  Probe (Chrono Boost)  
  15  0:48  Assimilator  
  16  1:09  Probe (Chrono Boost)  
  17  1:20  Probe (Chrono Boost)  
  17  1:25  Nexus  
  18  1:35  Probe (Chrono Boost), Cybernetics Core  
  19  1:43  Assimilator  
  19  1:53  Pylon  
  20  1:54  Probe (Chrono Boost)  
  20  2:05  Probe (Chrono Boost)  
  21  2:09  Adept  
  23  2:17  Probe (Chrono Boost)  
  25  2:30  Mothership Core (Chrono Boost)  
  25  2:50  Probe (Chrono Boost)  
  26  3:04  Probe (Chrono Boost)  
  27  3:07  Probe (Chrono Boost), Pylon  
  27  3:10  Twilight Council  
  27  3:11  Adept  
  28  3:16  Warp Gate, Probe (Chrono Boost)  
  32  3:20  Probe (Chrono Boost)  
  32  3:29  Probe (Chrono Boost)  
  32  3:30  Probe (Chrono Boost)  
  34  3:41  Probe (Chrono Boost)  
  35  3:58  Blink  
  35  4:01  Adept  
  35  4:12  Robotics Facility  
  35  4:20  Forge, Gateway  
  35  4:21  Probe (Chrono Boost)  
  35  4:22  Gateway  
  36  4:26  Probe (Chrono Boost)  
  36  4:28  Stalker  
  36  4:30  Pylon  
  39  4:36  Probe (Chrono Boost)  
  40  4:51  Probe x2 (Chrono Boost)  
  42  4:56  Photon Cannon  
  42  4:58  Protoss Ground Weapons Level 1  
  43  5:00  Observer  
  43  5:02  Probe (Chrono Boost)  
  43  5:04  Probe (Chrono Boost)  
  43  5:06  Pylon  
  45  5:12  Probe (Chrono Boost)  
  47  5:16  Probe (Chrono Boost)  
  47  5:23  Probe (Chrono Boost), Stalker x2  
  47  5:24  Stalker  
  54  5:48  Observer  
  55  5:50  Stalker x3  
  61  6:00  Probe (Chrono Boost)  
  61  6:01  Probe (Chrono Boost)  
  61  6:03  Resonating Glaives, Assimilator  
  63  6:05  Photon Cannon, Assimilator  
  63  6:09  Observer  
  63  6:10  Probe (Chrono Boost)  
  65  6:13  Probe (Chrono Boost)  
  66  6:21  Probe (Chrono Boost)  
  66  6:26  Probe (Chrono Boost)  
  66  6:30  Pylon  
  66  6:32  Probe (Chrono Boost)  
  67  6:38  Probe (Chrono Boost)  
  68  6:42  Probe (Chrono Boost)  
  69  6:50  Probe (Chrono Boost)  
  69  6:53  Probe (Chrono Boost)  
  69  6:55  Nexus  
  69  6:59  Protoss Ground Armor Level 1  
  70  7:02  Probe (Chrono Boost), Robotics Bay  
  70  7:03  Probe (Chrono Boost)  
  70  7:05  Robotics Facility  
  70  7:08  Immortal  
  75  7:10  Pylon  
  75  7:12  Photon Cannon  
  75  7:14  Probe x2 (Chrono Boost)  
  75  7:15  Photon Cannon  
  77  7:19  Photon Cannon  
  77  7:22  Pylon  
  77  7:24  Probe (Chrono Boost)  
  79  7:30  Probe (Chrono Boost)  
  79  7:35  Probe (Chrono Boost)  
  79  7:36  Photon Cannon  
  80  7:40  Stalker x3  
  80  7:42  Probe (Chrono Boost)  
  87  7:45  Probe (Chrono Boost)  
  87  8:15  Probe (Chrono Boost)  
  88  8:20  Disruptor x2  
  88  8:23  Probe (Chrono Boost)  
  95  8:28  Stargate  
  95  8:29  Probe (Chrono Boost)  
  95  8:34  Stalker x3, Pylon  
  67  9:05  Stalker x3  
  67  9:08  Probe (Chrono Boost)  
  70  9:18  Void Ray  
  70  9:20  Disruptor  
  76  9:28  Probe x2 (Chrono Boost)  
  76  9:30  Probe (Chrono Boost)  
  79  9:33  Assimilator  
  79  9:35  Assimilator, Gateway  
  79  9:37  Sentry, Gateway x2  
  81  9:38  Adept  
  81  9:39  Probe (Chrono Boost), Adept  
  81  9:40  Gateway  
  81  9:41  Probe (Chrono Boost)  
  81  9:42  Probe (Chrono Boost)  
  81  9:43  Gateway  
  88  9:49  Probe (Chrono Boost)  
  88  9:51  Probe (Chrono Boost)  
  90  9:54  Probe (Chrono Boost)  
  90  9:56  Disruptor  
  88  10:00  Probe (Chrono Boost)  
  88  10:05  Stalker x2  
  88  10:06  Stalker  
  81  10:29  Disruptor  
  81  10:31  Disruptor  
  87  10:52  Adept x7  
  102  10:58  Probe (Chrono Boost)  
  99  11:04  Disruptor  
  100  11:13  Adept x4  
  108  11:33  Pylon  
  108  11:38  Pylon x2  
  108  11:39  Pylon x2  
  108  11:41  Pylon  
  108  11:46  Pylon  
  108  11:56  Disruptor x2  
  108  11:59  Stalker x6  
  108  12:00  Stalker  
  128  12:26  Adept x3  
  128  12:27  Adept  
  128  12:28  Probe (Chrono Boost)  
  128  12:29  Probe (Chrono Boost)  
  139  12:30  Probe (Chrono Boost)  
  139  12:32  Disruptor x2  
  145  12:39  Probe x2 (Chrono Boost)  
  145  12:42  Probe (Chrono Boost)  
  145  12:43  Observer Gravitic Boosters  
  148  12:50  Probe (Chrono Boost)  
  149  12:53  Adept x7  
  149  12:54  Adept  
  121  14:07  Stalker x7  
  121  14:08  Disruptor x2, Stalker  
  137  14:33  Stalker x7  
  151  14:44  Disruptor x2  
  157  14:53  Nexus  
  141  15:19  Disruptor x2  
  103  16:08  Stalker x7  
Show
View Real Time Build Order
Export as new Build Order

saber Terran 

Build Orders: Reaper Expand, MMM Bio 

Get SALT Encoding   

  12  0:00  SCV  
  13  0:13  SCV  
  14  0:20  Supply Depot  
  14  0:25  SCV  
  15  0:41  SCV  
  16  0:44  Barracks  
  16  0:49  Refinery  
  16  0:53  SCV  
  17  1:06  SCV  
  18  1:18  SCV  
  19  1:32  Orbital Command  
  19  1:33  Reaper  
  20  1:46  Command Center  
  20  1:58  SCV  
  20  1:59  Supply Depot  
  21  2:06  Barracks Reactor  
  21  2:16  SCV  
  22  2:27  Factory  
  22  2:29  SCV  
  23  2:41  SCV  
  24  2:51  Marine x2  
  24  2:54  SCV  
  26  2:59  Orbital Command  
  26  3:04  Command Center  
  26  3:07  SCV  
  26  3:10  Refinery  
  26  3:11  Widow Mine  
  29  3:14  Marine  
  29  3:15  Marine  
  31  3:23  Starport  
  31  3:25  SCV  
  32  3:28  SCV  
  33  3:46  SCV x2, Marine  
  33  3:47  Widow Mine, Marine  
  37  4:05  Marine x2  
  37  4:06  Medivac  
  37  4:07  SCV  
  42  4:11  SCV  
  42  4:16  Orbital Command  
  43  4:18  Barracks  
  43  4:19  SCV  
  43  4:22  Marine  
  43  4:23  Barracks, SCV  
  46  4:28  Marine  
  46  4:30  Factory Tech Lab  
  47  4:31  SCV  
  47  4:35  SCV  
  47  4:36  Engineering Bay  
  49  4:38  Supply Depot  
  49  4:50  SCV x2  
  51  4:56  SCV  
  52  5:02  SCV  
  53  5:08  Stimpack  
  53  5:12  SCV, Starport Reactor, Barracks Tech Lab  
  53  5:13  Barracks Reactor  
  54  5:15  Widow Mine x2  
  58  5:24  SCV x3  
  58  5:27  Refinery  
  61  5:29  Refinery  
  61  5:32  Marauder, Marine  
  64  5:36  SCV  
  64  5:39  SCV x2  
  64  5:41  Combat Shields  
  67  5:47  Barracks  
  67  5:48  Barracks, SCV  
  68  5:50  Marine  
  69  6:03  Supply Depot  
  69  6:04  Supply Depot  
  69  6:05  Supply Depot  
  69  6:24  SCV, Medivac x2, Marine x3  
  69  6:25  Supply Depot, Widow Mine x2, SCV x2, Marine  
  77  6:26  Supply Depot, Terran Infantry Weapons Level 1  
  77  6:27  Supply Depot  
  84  6:36  SCV  
  84  6:38  SCV x2  
  87  6:42  Marauder, Marine x2  
  87  6:43  Marine  
  82  6:54  Barracks Tech Lab  
  82  6:55  Barracks Reactor  
  82  6:56  SCV x2, Widow Mine x2  
  88  7:01  Marauder  
  88  7:02  Marine  
  88  7:03  Marine  
  88  7:04  Liberator x2, Marauder  
  94  7:10  Concussive Shells  
  94  7:11  Orbital Command  
  94  7:18  Marine  
  94  7:20  Marine x2  
  103  7:23  SCV, Marauder  
  103  7:25  Marauder  
  103  7:27  Widow Mine x2  
  112  7:31  Supply Depot  
  112  7:32  Supply Depot  
  112  7:34  Supply Depot  
  112  7:36  Marauder  
  114  7:38  Marine x2  
  116  7:48  Engineering Bay  
  116  7:49  Armory  
  116  7:50  Liberator  
  116  7:52  Supply Depot  
  116  7:53  Marauder x2  
  116  7:54  Supply Depot  
  120  8:00  Liberator  
  120  8:01  Marauder, Marine x2  
  120  8:02  Widow Mine x2  
  131  8:15  Marauder  
  131  8:17  Marine  
  131  8:18  Marine  
  138  8:22  SCV x2  
  138  8:25  Refinery  
  140  8:33  Liberator  
  105  9:19  Marine  
  105  9:20  Widow Mine, Marauder, Marine x2  
  105  9:21  Widow Mine, Marauder x2, Medivac  
  120  9:26  Barracks  
  120  9:27  Barracks  
  120  9:28  Marine  
  120  9:29  Starport  
  121  9:33  Medivac  
  121  9:36  SCV x2  
  121  9:37  Marine x2  
  121  9:38  Marine  
  128  9:40  Refinery  
  128  9:41  Marine x2  
  128  9:42  Marine  
  131  9:46  Marine  
  131  9:49  Widow Mine  
  131  9:51  Medivac  
  135  9:55  Marine x3  
  135  9:59  Marine  
  122  10:00  Marauder x2  
  122  10:03  Medivac, Marine  
  112  10:16  Liberator x2  
  112  10:20  Marine  
  112  10:21  Widow Mine, Marine x2  
  107  10:22  Marauder x2  
  107  10:25  Barracks Tech Lab  
  107  10:26  Starport Reactor, Barracks Tech Lab  
  107  10:27  SCV  
  114  10:30  Widow Mine, Marauder, Marine  
  114  10:34  Terran Infantry Weapons Level 2  
  114  10:35  Terran Infantry Armor Level 1  
  125  10:37  Terran Ship Weapons Level 1  
  125  10:38  Marine  
  118  10:43  Marauder  
  118  10:46  Command Center  
  117  10:54  Marine x2  
  117  10:55  Marine x2  
  117  10:56  Marauder x2  
  125  10:58  Liberator x2  
  112  11:09  Marine x3  
  108  11:13  Marauder, Marine x2  
  108  11:14  Widow Mine x2, Marine  
  108  11:17  Marauder x2  
  123  11:27  Marauder, Marine  
  123  11:28  Marine  
  123  11:31  Marine x3  
  130  11:34  Marauder  
  130  11:38  Marauder, Marine  
  135  11:40  SCV x3  
  135  11:45  Marine  
  135  11:46  Marauder  
  141  11:48  Marine  
  141  11:49  Marine  
  141  11:52  SCV  
  142  11:56  Marauder, Marine x2  
  146  12:01  Marine x2  
  146  12:03  Planetary Fortress  
  146  12:06  Missile Turret, Marauder  
  150  12:11  Liberator x3  
  150  12:17  Supply Depot  
  159  12:32  Liberator  
  159  12:36  Terran Ship Weapons Level 2  
  159  12:37  Terran Infantry Armor Level 2  
  159  12:47  Marauder, Marine x3  
  159  12:51  Marauder x2  
  171  12:57  Refinery  
  171  12:58  Refinery  
  171  13:01  Ghost Academy  
  137  13:48  Marine x2  
  137  13:49  Marauder x2  
  137  13:51  Marine x2  
  137  13:52  Marauder x2  
  133  13:58  Marine  
  124  14:06  Marine x2  
  124  14:09  Marine x2  
  128  14:10  Marauder  
  128  14:11  Marauder  
  128  14:13  Marauder, Marine  
  128  14:16  Marine  
  136  14:24  Marine  
  121  14:26  Marine x2  
  121  14:27  Marine  
  121  14:31  Marauder  
  127  14:32  Marauder x2  
  127  14:34  Marauder  
  127  14:35  Marauder  
  135  14:42  Marine  
  135  14:44  Marine x3  
  139  14:52  Marauder  
  136  14:53  Marauder x2  
  136  14:55  Marine x2  
  136  14:59  Marine  
  139  15:02  Marine x3  
  125  15:13  Marine x2  
  125  15:14  Marauder, Marine  
  129  15:15  Marauder  
  129  15:17  Marine  
  129  15:20  Marine x3  
  109  15:31  Marauder  
  109  15:32  Marauder x2  
  109  15:34  Marine  
  109  15:35  Marine  
  116  15:36  Marauder  
  116  15:37  Marine  
  116  15:41  Marine x2  
  92  15:53  Marauder x3, Marine  
  92  15:54  Marauder  
  92  15:55  Marine  
Tags
 
Add a new tag
Caveats
  • Supply blocks, unpowered buildings, or Contaminate may cause inaccurate times.
  • Supply counts are checked every 10 seconds.